 Dungeon Crawl Stone Soup version 0.19.1-28-ge1247f7 (webtiles) character file.

1122 Sigrun the Poker (level 8, -13/91 HPs)
             Began as a Demonspawn Gladiator on Jan 21, 2017.
             Was an Initiate of Yredelemnul.
             Mangled by a red ugly thing (17 damage)
             ... on level 8 of the Dungeon on Jan 22, 2017.
             The game lasted 00:47:44 (6513 turns).

Sigrun the Poker (Demonspawn Gladiator)             Turns: 6513, Time: 00:47:48

Health: -13/91     AC: 24    Str: 24    XL:     8   Next: 12%
Magic:  8/8        EV:  2    Int:  9    God:    Yredelemnul [......]
Gold:   212        SH:  0    Dex: 14    Spells: 0 memorised, 7 levels left

rFire  . . .     SeeInvis .     a - +1 trident
rCold  . . .     Gourm    .     (armour currently unavailable)
rNeg   + + +     Faith    .     (no shield)
rPois  +         Spirit   .     (helmet currently unavailable)
rElec  .         Reflect  .     (cloak currently unavailable)
rCorr  .         Harm     .     (gloves currently unavailable)
MR     .....     NoTele   +     (boots currently unavailable)
Stlth  ++........               (no amulet)
                                (no ring)
                                h - +6 ring of strength

@: tree-form
A: (hooves 0), demonic guardian 1, powered by death 2
a: Renounce Religion


You were on level 8 of the Dungeon.
You worshipped Yredelemnul.
Yredelemnul was noncommittal.
You were not hungry.
You were a tree.
You visited 1 branch of the dungeon, and saw 8 of its levels.

You collected 212 gold pieces.

Inventory:

Hand Weapons
 a - a +1 trident (weapon)
 n - a +2 whip of venom
Missiles
 d - 3 throwing nets (quivered)
Armour
 c - a +0 helmet (melded)
 k - a +0 chain mail (melded)
Jewellery
 e - an uncursed ring of magical power
 h - a +6 ring of strength (left branch)
 o - an uncursed amulet of guardian spirit {unknown}
Wands
 u - a wand of digging (15/24)
Scrolls
 b - 2 scrolls of teleportation
 i - a scroll of fear
 p - 2 scrolls of remove curse
 q - a scroll of magic mapping
 s - a scroll of enchant weapon
 w - a scroll of identify
Potions
 g - a potion of agility
 j - 2 potions of flight
 r - a potion of ambrosia {unknown}
 v - a potion of lignification
 x - 2 potions of degeneration {unknown}
 z - a potion of heal wounds {unknown}
Books
 l - a book of Frost

   Spells                             Type                      Level
   a - Freeze                         Ice                          1
   b - Throw Frost                    Conjuration/Ice              2
   c - Ozocubu's Armour               Charms/Ice                   3
   d - Throw Icicle                   Conjuration/Ice              4
   e - Summon Ice Beast               Ice/Summoning                4
 m - a book of Minor Magic

   Spells                             Type                      Level
   a - Magic Dart                     Conjuration                  1
   b - Blink                          Translocation                2
   c - Call Imp                       Summoning                    2
   d - Repel Missiles                 Charms/Air                   2
   e - Slow                           Hexes                        2
   f - Conjure Flame                  Conjuration/Fire             3
   g - Mephitic Cloud                 Conjuration/Poison/Air       3
Comestibles
 f - 4 bread rations


   Skills:
 + Level 4.4 Fighting
 + Level 6.5 Polearms
 + Level 2.0 Throwing
 + Level 3.8 Armour
 + Level 3.7 Dodging
 + Level 1.4 Stealth


You had 7 spell levels left.
You didn't know any spells.

Dungeon Overview and Level Annotations

Branches:
Dungeon (8/15)
 Temple: D:4-7         Lair: D:8-11

Altars:
Cheibriados
Makhleb
Yredelemnul


Innate Abilities, Weirdness & Mutations

((You have hoof-like feet.))
A weak demonic guardian rushes to your aid.
You regenerate health from kills.


Message History

You kick the red ugly thing, but do no damage.
The red ugly thing is moderately wounded.
The red ugly thing headbutts you!
You are engulfed in flames!
You feel better. The red ugly thing headbutts you!
You are engulfed in flames!
You hit the red ugly thing.
You kick the red ugly thing, but do no damage.
The red ugly thing is moderately wounded.
The red ugly thing headbutts you.
You are engulfed in flames!!
* * * LOW HITPOINT WARNING * * *
You turn into a tree.
Your +0 helmet melds into your body.
Your +0 chain mail melds into your body.
Your roots penetrate the ground.
The red ugly thing headbutts you but does no damage.
You hit the red ugly thing.
The red ugly thing is moderately wounded.
The red ugly thing headbutts you.
* * * LOW HITPOINT WARNING * * *
You are engulfed in flames!
You die...
Your body rises from the dead as a mindless zombie.

#.#....#.#
#.#....#.#
#.####.#.#
#......#.#
##############.#
#..............#
#.##############
#.########.#
#......u♣..#
############


You could see a red ugly thing.

Vanquished Creatures
  2 hippogriffs
  The ghost of Sigrun the Poker, an amateur DsGl (D:4)
  3 ogres (D:5)
  A bullfrog (D:6)
  A wyvern skeleton (D:6)
  A hound (D:5)
  An iguana (D:4)
  An orc wizard (D:6)
  A hound skeleton (D:4)
  3 gnolls (D:4)
  7 adders
  An ooze (D:2)
  An adder skeleton (D:6)
  3 dart slugs
  A worm (D:3)
  3 leopard geckos
  8 orcs
  2 ball pythons
  3 giant cockroaches
  9 goblins
  7 hobgoblins
  4 jackals
  5 kobolds
  2 quokkas (D:6)
  5 bats
  3 frilled lizards
  7 rats
86 creatures vanquished.

Vanquished Creatures (collateral kills)
  A bullfrog (D:6)
  An orc priest (D:4)
  An adder (D:6)
  2 orcs (D:4)
5 creatures vanquished.

Grand Total: 91 creatures vanquished

Notes
Turn   | Place    | Note
-------+----------+-------------------------------------------
     0 | D:1      | Sigrun the Demonspawn Gladiator began the quest for the Orb.
     0 | D:1      | Reached XP level 1. HP: 16/16 MP: 1/1
    73 | D:1      | Reached skill level 3 in Polearms
   114 | D:1      | Gained mutation: A weak demonic guardian rushes to your aid. [demonic ancestry]
   114 | D:1      | Reached XP level 2. HP: 20/22 MP: 2/2
   743 | D:2      | Gained mutation: You regenerate a little health from kills. [demonic ancestry]
   743 | D:2      | Reached XP level 3. HP: 24/27 MP: 3/3
   949 | D:2      | Reached skill level 1 in Armour
   971 | D:2      | Gained mutation: You regenerate health from kills. [demonic ancestry]
   971 | D:2      | Reached XP level 4. HP: 33/33 MP: 4/4
  1484 | D:3      | Found a snail-covered altar of Cheibriados.
  1639 | D:3      | Found a faded altar of an unknown god.
  1744 | D:3      | You fall through a shaft for 2 floors!
  1744 | D:5      | Entered Level 5 of the Dungeon
  1747 | D:5      | Noticed an ogre
  1756 | D:5      | Killed an ogre
  1756 | D:5      | Reached skill level 4 in Polearms
  1756 | D:5      | Reached XP level 5. HP: 12/39 MP: 5/5
  2251 | D:4      | Noticed Sigrun's ghost (amateur DsGl)
  2276 | D:4      | Killed Sigrun's ghost
  2276 | D:4      | Gained mutation: You have large cloven feet. [demonic ancestry]
  2276 | D:4      | Reached XP level 6. HP: 35/47 MP: 6/6
  2671 | D:4      | Found a basalt altar of Yredelemnul.
  2708 | D:4      | Became a worshipper of Yredelemnul the Dark
  2790 | D:4      | Reached skill level 5 in Polearms
  3142 | D:4      | Reached skill level 1 in Stealth
  4431 | D:5      | Gained mutation: You have hoof-like feet. [demonic ancestry]
  4431 | D:5      | Reached XP level 7. HP: 52/52 MP: 7/7
  4543 | D:5      | Found a burning altar of Makhleb.
  5446 | D:6      | Reached skill level 6 in Polearms
  5770 | D:7      | Noticed a hippogriff
  5782 | D:7      | Killed a hippogriff
  6185 | D:8      | Noticed a hippogriff
  6204 | D:8      | Killed a hippogriff
  6204 | D:8      | Reached XP level 8. HP: 12/61 MP: 8/8
  6494 | D:8      | Noticed a red ugly thing
  6513 | D:8      | HP: 4/91 [red ugly thing (5)]
  6513 | D:8      | Mangled by a red ugly thing

Skill      XL: |  1  2  3  4  5  6  7 |
---------------+----------------------+-----
Polearms       | 3 4 5 6 |  6.5
Throwing       | 2 |  2.0
Dodging        | 3 |  3.7
Armour         | 1 2 3 |  3.8
Fighting       | 3 4 |  4.4
Stealth        | 1 |  1.4

Action                   |  1- 3 |  4- 6 |  7- 9 || total
-------------------------+-------+-------+-------++-------
Melee: Trident           |    92 |   148 |   101 ||   341
       Kick              |       |    27 |    34 ||    61
  Use: Scroll            |     5 |     2 |     4 ||    11
       Potion            |       |     3 |     3 ||     6
 Stab: Distracted        |       |       |     1 ||     1
  Eat: Royal jelly       |       |     1 |       ||     1
       Pizza             |       |     1 |       ||     1
       Meat ration       |       |     2 |       ||     2
       Bread ration      |       |       |     1 ||     1
Armor: Leather armour    |    31 |    19 |       ||    50
       Chain mail        |       |    54 |    56 ||   110
       Skin              |       |     8 |     1 ||     9
Dodge: Dodged            |    76 |    75 |    53 ||   204
